 Dungeon Crawl Stone Soup version 0.30-a0-782-ge64f9170bb (webtiles) character file.

Game seed: 5550072219894804295

2653 112233 the Fighter (level 9, -2/73 HPs)
             Began as an Octopode Fighter on Feb 27, 2023.
             Was an Initiate of Gozag.
             Slain by a killer bee (6 damage)
             ... on level 8 of the Dungeon.
             The game lasted 00:06:14 (7715 turns).

112233 the Fighter (Octopode Fighter)               Turns: 7715, Time: 00:06:15

Health: -2/73      AC:  1    Str: 17    XL:     9   Next: 62%
Magic:  0/9        EV: 12    Int: 10    God:    Gozag
Gold:   219        SH:  8    Dex: 14    Spells: 8/8 levels left

rFire   . . .      SeeInvis .    a - +0 trident
rCold   . . .      Faith    .    y - +0 kite shield
rNeg    . . .      Spirit   +    (helmet restricted)
rPois   +          Reflect  .    f - amulet of guardian spirit
rElec   +          Harm     .    (no ring)
rCorr   .          Rampage  .    (no ring)
Will    .....                    (no ring)
Stlth   ++                       (no ring)
HPRegen 0.32/turn                (no ring)
MPRegen 0.11/turn                (no ring)
                                 (no ring)
                                 (no ring)

@: lethally poisoned (-2 -> -6), gold aura
A: almost no armour, amphibious, 8 rings, camouflage 1, gelatinous body 1,
(nimble swimmer 1), tentacles, poison resistance, screaming 1, electricity
resistance
a: Renounce Religion, Potion Petition, Call Merchant, Bribe Branch


You were on level 8 of the Dungeon.
You worshipped Gozag.
Gozag was aware of your devotion.
You visited 2 branches of the dungeon, and saw 9 of its levels.

You collected 325 gold pieces.
You paid 106 gold pieces to Gozag.

Inventory:

Hand Weapons
 a - a +0 trident (weapon)
 g - a +0 sling
Missiles
 l - 3 boomerangs of dispersal (quivered)
 u - a throwing net
Armour
 b - a +0 buckler
 y - a +0 kite shield (worn)
Jewellery
 f - an amulet of guardian spirit (around mantle)
Wands
 i - a wand of flame (27)
 w - a wand of mindburst (10)
Scrolls
 d - 4 scrolls of identify
 e - 2 scrolls of teleportation
 h - a scroll of enchant weapon {unknown}
 k - a scroll of fear {unknown}
 n - 3 scrolls of poison {unknown}
 q - 2 scrolls of acquirement {unknown}
 r - a scroll of vulnerability {unknown}
 x - a scroll of noise {unknown}
 z - a scroll of enchant armour {unknown}
Potions
 c - 3 potions of might
 j - a potion of lignification
 m - a potion of haste
 s - 2 potions of mutation
 v - a potion of ambrosia {unknown}


   Skills:
 + Level 11.8 Fighting
 + Level 6.1 Polearms
 - Level 3.0 Dodging
 - Level 3.0 Shields


You had 8 spell levels left.
You didn't know any spells.
Your spell library contained the following spells:

 Spells                   Type           Power      Damage    Failure   Level
 Slow                     Hex            0%         N/A       75%         1
 Blink                    Tloc           0%         N/A       87%         2
 Sublimation of Blood     Necr           0%         N/A       87%         2
 Confusing Touch          Hex            0%         N/A       98%         3
 Kindle Blastsparks       Fire/Tloc/Air  0%         2d10      98%         3
 Vampiric Draining        Necr           0%         2d6       98%         3
 Fulminant Prism          Conj/Hex       0%         3d5       100%        4
 Iskenderun's Mystic Bla  Conj/Tloc      0%         2d3       100%        4
 Manifold Assault         Tloc           0%         N/A       100%        4
 Petrify                  Tmut/Erth      0%         N/A       100%        4
 Irradiate                Conj/Tmut      0%         3d11      100%        5
 Lee's Rapid Deconstruct  Erth           0%         3d4*      100%        5
 Storm Form               Tmut/Air       0%         N/A       100%        7


Dungeon Overview and Level Annotations

Branches:
Dungeon (8/15)             Temple (1/1) D:6
   Lair: D:8-11

Altars:
Ashenzari
Cheibriados
Dithmenos
Elyvilon
Fedhas
Gozag
Hepliaklqana
Kikubaaqudgha
Nemelex Xobeh
Qazlal
Sif Muna
Trog
Uskayaw
Vehumet
Wu Jian
Xom
Yredelemnul
Zin
The Shining One

Annotations:
D:5 exclusion: downstairs
D:6 1 runed translucent door, exclusion: downstairs, Crazy Yiuf
D:7 exclusion: downstairs


Innate Abilities, Weirdness & Mutations

You cannot wear most types of armour.
You are amphibious.
You can wear up to eight rings at the same time.
Your skin changes colour to match your surroundings (Stealth+).
Your rubbery body absorbs attacks. (AC +1, EV +1)
((You are camouflaged when in or above water. (Stealth+)))
You have tentacles for arms and can constrict up to eight enemies at once.
Your system is resistant to poisons. (rPois)
You occasionally shout uncontrollably at your foes.
You are resistant to electric shocks. (rElec)


Message History

The centaur hits your butterfly.
Your butterfly dies!
Your butterfly disappears in a burst of colours!
You block the killer bee's attack.
The killer bee stings you but does no damage.
You block the killer bee's attack.
Unknown command.
You puncture the killer bee!
You kill the killer bee!
You feel very sick.
The centaur wields a +0 shortbow.
The centaur shoots an arrow.
The arrow hits you but does no damage.
The killer bee stings you but does no damage.
You block the killer bee's attack.
The killer bee stings you but does no damage.
The killer bee stings you.
* * * LOW HITPOINT WARNING * * *
The centaur shoots an arrow.
The arrow hits you but does no damage.
Unknown command.
It was a potion of mutation.
You feel extremely strange.
You feel the urge to shout.
You feel resistant to poisons.
You feel insulated.
You feel sick. You block the killer bee's attack.
The killer bee barely misses you. You block the killer bee's attack.
The killer bee stings you.
* * * LOW HITPOINT WARNING * * *
The killer bee stings you.
* * * LOW HITPOINT WARNING * * *
The killer bee stings you but does no damage.
Unknown command.
Unknown command.
It was a potion of cancellation.
Your magical effects are unravelling.
You feel magically purged.
You feel less wooden.
* * * LOW HITPOINT WARNING * * *
You feel sick. You block the killer bee's attack.
The killer bee is distracted by your dazzling golden aura.
The killer bee stings you.
You die...
Your body crumbles into a pile of gold.

$ ..## ...#
...## #
#b..# #.
#b..# #.
#...# ##..
#c..# #....
#@y#
......##yy#
......$..##
....b....##
.....####.##
##.. ##.##
#. ##.### #.
##..## .
##..#


You could see a centaur and 3 killer bees.

Vanquished Creatures
  Joseph (D:8)
  Grinder (D:6)
  2 ice beasts (D:7)
  A sky beast (D:7)
  3 black bears
  An ogre (D:4)
  A bullfrog (D:7)
  3 necrophages
  3 scorpions
  4 wights
  7 killer bees
  A howler monkey (D:4)
  A jelly (D:6)
  3 hounds
  Jessica (D:3)
  2 iguanas
  Natasha (twice) (D:3)
  An orc wizard (D:3)
  Robin (D:3)
  7 adders
  7 gnolls
  A shadow imp (D:5)
  A white imp (D:7)
  An ufetubus (D:6)
  A worm (D:2)
  A dart slug (D:2)
  8 orcs
  7 ball pythons
  5 endoplasms
  8 giant cockroaches
  11 goblins
  7 hobgoblins
  2 jackals (D:3)
  2 quokkas (D:1)
  7 bats
  7 frilled lizards
  4 kobolds (D:1)
  11 rats
137 creatures vanquished.

Vanquished Creatures (others)
  A goblin (D:3)
  28 fungi (D:8)
  47 plants
76 creatures vanquished.

Grand Total: 213 creatures vanquished

Notes
Turn   | Place    | Note
-------+----------+-------------------------------------------
     0 | D:1      | 112233 the Octopode Fighter began the quest for the Orb.
     0 | D:1      | Reached XP level 1. HP: 16/16 MP: 1/1
    75 | D:1      | Reached XP level 2. HP: 21/21 MP: 2/2
   240 | D:1      | Reached XP level 3. HP: 26/27 MP: 3/3
   258 | D:1      | Reached skill level 4 in Fighting
   799 | D:2      | Reached XP level 4. HP: 14/34 MP: 4/4
  1159 | D:2      | Found a faded altar of an unknown god.
  1278 | D:3      | Reached skill level 5 in Fighting
  1341 | D:3      | Noticed Jessica
  1347 | D:3      | Killed Jessica
  1348 | D:3      | Reached XP level 5. HP: 39/39 MP: 5/5
  1454 | D:3      | Noticed Natasha
  1459 | D:3      | Killed Natasha
  1527 | D:3      | Identified the +2 helmet of Peek-a-Boo {Str+4}
  1527 | D:3      | Noticed Robin
  1563 | D:4      | Found a hazy altar of Hepliaklqana.
  1578 | D:4      | Noticed an ogre
  1586 | D:4      | Killed an ogre
  1587 | D:4      | Reached skill level 6 in Fighting
  1587 | D:4      | Reached XP level 6. HP: 27/47 MP: 3/6
  1901 | D:4      | Reached skill level 7 in Fighting
  2132 | D:5      | Entered Level 5 of the Dungeon
  2594 | D:5      | Reached XP level 7. HP: 53/54 MP: 7/7
  2984 | D:5      | Found a white marble altar of Elyvilon.
  3015 | D:6      | Noticed Grinder
  3126 | D:5      | Reached skill level 8 in Fighting
  3598 | D:6      | Reached skill level 9 in Fighting
  3598 | D:6      | Reached XP level 8. HP: 41/63 MP: 4/8
  3769 | D:6      | Killed Grinder
  3770 | D:6      | Reached skill level 10 in Fighting
  3895 | D:6      | Found a staircase to the Ecumenical Temple.
  4024 | Temple   | Entered the Ecumenical Temple
  4325 | D:6      | Found a runed translucent door.
  4326 | D:6      | Noticed Crazy Yiuf
  5015 | D:3      | Killed Robin
  5161 | D:3      | Noticed Natasha
  5164 | D:3      | Killed Natasha
  5620 | D:7      | Found a glowing golden altar of the Shining One.
  5621 | D:7      | Found a stormy altar of Qazlal.
  5685 | D:7      | Reached XP level 9. HP: 22/71 MP: 2/9
  5876 | D:6      | Reached skill level 11 in Fighting
  6074 | D:7      | Found a bloodstained altar of Trog.
  6395 | D:7      | Found an opulent altar of Gozag.
  6490 | D:7      | Found a radiant altar of Vehumet.
  6490 | D:7      | Found a basalt altar of Yredelemnul.
  6516 | D:7      | Became a worshipper of Gozag Ym Sagoz the Greedy
  6531 | D:8      | Noticed a komodo dragon
  6564 | D:7      | HP: 3/69 [killer bee (6)]
  7125 | D:7      | Reached skill level 5 in Polearms
  7582 | D:7      | Found a hide-covered altar of Uskayaw.
  7685 | D:8      | Noticed Joseph
  7705 | D:8      | Killed Joseph
  7714 | D:8      | Gained mutation: You occasionally shout uncontrollably at
                  | your foes. [potion of mutation]
  7714 | D:8      | Gained mutation: Your system is resistant to poisons.
                  | (rPois) [potion of mutation]
  7714 | D:8      | Gained mutation: You are resistant to electric shocks.
                  | (rElec) [potion of mutation]
  7715 | D:8      | Slain by a killer bee

Illustrated notes

Levels and vault maps discovered:
D:1:      dpeg_arrival_round_c, layout_rooms, chequers_decorated_corner,
          st_stairs_6, chequers_serial_rivers_small_a,
          chequers_serial_rivers_large_a, minmay_worlds_worst_comb
D:2:      layout_basic, ebering_ecumenical_altar_box
D:3:      layout_rooms, kennysheep_generic_room_7, uniq_jessica, uniq_natasha,
          uniq_robin
D:4:      layout_rooms, lemuel_doored_altar
D:5:      layout_loops_corners, general_overflow_altar
D:6:      layout_gridville, minmay_temple_entry_antechambers,
          uniq_crazy_yiuf_cottage, uniq_grinder
D:7:      kennysheep_seaside_town, layout_layer_cave, kennysheep_little_box,
          bloody_trog, mainiacjoe_overflow_boulevard,
          grunt_temple_overflow_open, gammafunk_temple_overflow_wave
D:8:      layout_layer_cave, old_standard_altar, due_lair_maze_entry_diamond,
          serial_shops, shop, grunt_ministairs_4,
          hangedman_abyss_or_decor_stabs, uniq_joseph
Temple:   jpeg_temple_alley_garden

Skill      XL: |  1  2  3  4  5  6  7  8  9 |
---------------+----------------------------+-----
Fighting       | 4 5 6 7 9 10 11 | 11.8
Polearms       | 4 6 |  6.1
Dodging        | |  3.0
Shields        | |  3.0

Action                     |  1- 3 |  4- 6 |  7- 9 || total
---------------------------+-------+-------+-------++-------
  Melee: Trident           |    87 |    76 |   219 ||   382
         Constrict         |    14 |    13 |    40 ||    67
         Tentacles         |    12 |    14 |    48 ||    74
         Punch             |     1 |     1 |     5 ||     7
  Evoke: Wand              |       |     1 |     1 ||     2
    Use: Potion            |       |       |    11 ||    11
         Scroll            |       |       |     5 ||     5
   Stab: Sleeping          |     4 |     8 |     7 ||    19
         Distracted        |       |       |     1 ||     1
 Armour: Skin              |     1 |     5 |    17 ||    23
  Dodge: Dodged            |    40 |    37 |   129 ||   206
  Block: Buckler           |    15 |    12 |    36 ||    63
         Kite shield       |       |       |    44 ||    44

Table legend: (Time is in decaauts)
 A = Elapsed time spent in this place.
 B = Non-inter-level travel time spent in this place.
 C = Inter-level travel time spent in this place.
 D = Time resting spent in this place.
 E = Time spent auto-exploring this place.
 F = Levels seen in this place.
 G = Mean time per level.
                   A        B        C        D        E       F      G
               +--------+--------+--------+--------+--------+-----+--------+
         Total |   7792 |   7289 |    503 |   1344 |   4883 |   9 |  865.8 |
       Dungeon |   7564 |   7114 |    450 |   1344 |   4713 |   8 |  945.5 |
        Temple |    227 |    174 |     53 |      0 |    170 |   1 |  227.0 |
               +--------+--------+--------+--------+--------+-----+--------+

Top non-repeatable levels by time:
     D:6: 1758 daAuts
     D:7: 1633 daAuts
     D:5: 1393 daAuts
     D:2: 875 daAuts
     D:4: 698 daAuts
     D:3: 693 daAuts
     D:1: 420 daAuts
  Temple: 227 daAuts
     D:8: 90 daAuts
